 Dungeon Crawl Stone Soup version 0.30-a0-578-gdee14c521f (webtiles) character file.

Game seed: 4121312427826576700

47 Crownlay the Firebug (level 3, 0/28 HPs)
             Began as a Gnoll Wanderer on Dec 31, 2022.
             Slain by a black bear (3 damage)
             ... on level 4 of the Dungeon.
             The game lasted 00:01:17 (699 turns).

Crownlay the Firebug (Gnoll Wanderer)                Turns: 699, Time: 00:01:17

Health: 0/28       AC:  3    Str:  8    XL:     3   Next: 70%
Magic:  3/7        EV: 12    Int: 12    God:
Gold:   52         SH:  0    Dex: 15    Spells: 6/7 levels left

rFire   . . .      SeeInvis .    a - +2 sling
rCold   . . .      Faith    .    (no shield)
rNeg    . . .      Spirit   .    d - +0 robe
rPois   .          Reflect  .    b - +0 helmet
rElec   .          Harm     .    (no cloak)
rCorr   .          Rampage  .    (no gloves)
Will    .....                    (no boots)
Stlth   ++                       (no amulet)
HPRegen 0.24/turn                (no ring)
MPRegen 0.10/turn                (no ring)

@: no status effects
A: fangs 1, strong nose, distributed training
a: no special abilities


You were on level 4 of the Dungeon.
You visited 1 branch of the dungeon, and saw 3 of its levels.

You collected 52 gold pieces.

Inventory:

Hand Weapons
 a - a +2 sling (weapon)
Armour
 b - a +0 helmet (worn)
 d - a +0 robe (worn)
Scrolls
 c - 2 scrolls of teleportation
 e - a scroll of identify {unknown}
 f - a scroll of immolation


   Skills:
 + Level 2.6 Fighting
 + Level 1.0 Short Blades
 + Level 1.0 Long Blades
 + Level 1.0 Axes
 + Level 1.0 Maces & Flails
 + Level 1.0 Polearms
 + Level 1.0 Staves
 + Level 4.6 Ranged Weapons
 + Level 2.6 Throwing
 + Level 1.0 Armour
 + Level 2.6 Dodging
 + Level 1.0 Stealth
 + Level 1.0 Shields
 + Level 1.0 Unarmed Combat
 + Level 2.9 Spellcasting
 + Level 0.7 Conjurations
 + Level 0.7 Hexes
 + Level 0.7 Summonings
 + Level 0.7 Necromancy
 + Level 0.7 Translocations
 + Level 0.7 Transmutations
 + Level 5.4 Fire Magic
 + Level 0.7 Ice Magic
 + Level 0.7 Air Magic
 + Level 0.7 Earth Magic
 + Level 0.7 Poison Magic
 + Level 1.0 Invocations
 + Level 2.6 Evocations


You had 6 spell levels left.
You knew the following spells:

 Your Spells              Type           Power      Damage    Failure   Level
a - Foxfire               Conj/Fire      36%        2x1d5     7%          1

Your spell library contained the following spells:

 Spells                   Type           Power      Damage    Failure   Level
 Kindle Blastsparks       Fire/Tloc/Air  14%        2d11      28%         3


Dungeon Overview and Level Annotations

Branches:
Dungeon (2/15)

Altars:


Innate Abilities, Weirdness & Mutations

You have very sharp teeth.
Your uncanny sense of smell can sniff out nearby items.
Your experience applies equally to all skills.


Message History

The black bear is moderately wounded.
The black bear bites you but does no damage.
The black bear claws you. The black bear closely misses you.
You shoot a sling bullet.
The sling bullet barely misses the black bear.
The black bear closely misses you. The black bear claws you.
The black bear barely misses you.
You shoot a sling bullet. The sling bullet hits the black bear.
The black bear is heavily wounded.
The black bear barely misses you. The black bear claws you. x2
You are too injured to fight recklessly!
The black bear attacks as you move away!
The black bear bites you but does no damage.
The black bear claws you but does no damage.
The black bear claws you. The kobold attacks as you move away!
The kobold barely misses you. The kobold attacks as you move away!
The kobold hits you but does no damage.
Casting: Foxfire (safe; 7% risk of failure)
Confirm with . or Enter, or press ? or * to list all spells.
You conjure some foxfire!
The kobold barely misses you.
Casting: Foxfire (safe; 7% risk of failure)
Confirm with . or Enter, or press ? or * to list all spells.
You conjure some foxfire!
The foxfire hits the kobold.
You kill the kobold!
The foxfire hits the black bear but does no damage.
The black bear is moderately wounded.
Casting: Foxfire (safe; 7% risk of failure)
Confirm with . or Enter, or press ? or * to list all spells.
You conjure some foxfire!
The foxfire hits the black bear but does no damage.
The black bear is moderately wounded.
The black bear bites you.
* * * LOW HITPOINT WARNING * * *
The black bear claws you.
* * * LOW HITPOINT WARNING * * *
The black bear misses you.
Your foxfire dissipates!
The black bear attacks as you move away!
The black bear bites you.
You die...

#########
....)...# #.#
.. #.#
#.####.#####
##...ยง...[.###
#...vv@.......
#.#.###h###.###
# #.# ##
#.##...#
#......#
.........#...#
########.# ###
.# .#


You could see a black bear (ally target).

Vanquished Creatures
  Natasha (D:2)
  An orc (D:2)
  2 ball pythons (D:1)
  2 bats (D:1)
  2 endoplasms (D:1)
  2 giant cockroaches (D:1)
  3 goblins (D:1)
  2 jackals (D:1)
  A quokka (D:1)
  4 frilled lizards (D:1)
  A kobold (D:4)
  A rat (D:1)
22 creatures vanquished.

Vanquished Creatures (others)
  13 foxfires
13 creatures vanquished.

Grand Total: 35 creatures vanquished

Notes
Turn   | Place    | Note
-------+----------+-------------------------------------------
     0 | D:1      | Crownlay the Gnoll Wanderer began the quest for the Orb.
     0 | D:1      | Crownlay set off with the following items: a +2 sling, a +0
                  | helmet, a scroll of teleportation, a +0 robe; and the
                  | following spell memorised: Foxfire; and the following
                  | spells available to memorise: Kindle Blastsparks.
     0 | D:1      | Reached XP level 1. HP: 17/17 MP: 4/4
   148 | D:1      | Reached XP level 2. HP: 23/23 MP: 5/5
   178 | D:1      | Found a faded altar of an unknown god.
   580 | D:2      | Noticed Natasha
   584 | D:2      | Killed Natasha
   585 | D:2      | Reached skill level 1 in Invocations
   585 | D:2      | Reached XP level 3. HP: 28/28 MP: 2/7
   672 | D:2      | Reached skill level 1 in Short Blades
   672 | D:2      | Reached skill level 1 in Long Blades
   672 | D:2      | Reached skill level 1 in Axes
   672 | D:2      | Reached skill level 1 in Maces & Flails
   672 | D:2      | Reached skill level 1 in Polearms
   672 | D:2      | Reached skill level 1 in Staves
   672 | D:2      | Reached skill level 1 in Armour
   672 | D:2      | Reached skill level 1 in Stealth
   672 | D:2      | Reached skill level 1 in Shields
   672 | D:2      | Reached skill level 1 in Unarmed Combat
   673 | D:2      | You fall into a shaft and drop 2 floors!
   686 | D:4      | Noticed a black bear
   699 | D:4      | Slain by a black bear

Illustrated notes

Levels and vault maps discovered:
D:1:      wander_arrival_peaceful_grave, layout_loops_cross,
          hellmonk_ecumenical_altar_blasted
D:2:      layout_basic, uniq_natasha
D:4:      minmay_thinvault, layout_loops_ring,
          mainiacjoe_overflow_concentric_impassable,
          hellmonk_ghost_happy_afterlife, serial_shops, shop_scrolls,
          cheibrodos_sewer_entry_drain

Skill      XL: |  1  2  3 |
---------------+----------+-----
Invocations    | 1 |  1.0
Short Blades   | 1 |  1.0
Long Blades    | 1 |  1.0
Axes           | 1 |  1.0
Maces & Flails | 1 |  1.0
Polearms       | 1 |  1.0
Staves         | 1 |  1.0
Armour         | 1 |  1.0
Stealth        | 1 |  1.0
Shields        | 1 |  1.0
Unarmed Combat | 1 |  1.0
Fighting       | |  2.6
Ranged Weapons | |  4.6
Throwing       | |  2.6
Dodging        | |  2.6
Spellcasting   | |  2.9
Conjurations   | |  0.7
Hexes          | |  0.7
Summonings     | |  0.7
Necromancy     | |  0.7
Translocations | |  0.7
Transmutations | |  0.7
Fire Magic     | |  5.4
Ice Magic      | |  0.7
Air Magic      | |  0.7
Earth Magic    | |  0.7
Poison Magic   | |  0.7
Evocations     | |  2.6

Action                   || total
-------------------------++-------
 Fire: Sling             ||    40
 Cast: Foxfire           ||    10
Armor: Robe              ||     5
Dodge: Dodged            ||    14

Table legend: (Time is in decaauts)
 A = Elapsed time spent in this place.
 B = Non-inter-level travel time spent in this place.
 C = Inter-level travel time spent in this place.
 D = Time resting spent in this place.
 E = Time spent auto-exploring this place.
 F = Levels seen in this place.
 G = Mean time per level.
                   A        B        C        D        E       F      G
               +--------+--------+--------+--------+--------+-----+--------+
         Total |    713 |    705 |      8 |      0 |    590 |   3 |  237.7 |
       Dungeon |    713 |    705 |      8 |      0 |    590 |   3 |  237.7 |
               +--------+--------+--------+--------+--------+-----+--------+

Top non-repeatable levels by time:
     D:1: 570 daAuts
     D:2: 116 daAuts
     D:4: 26 daAuts
